 Dungeon Crawl Stone Soup version 0.19.5 (webtiles) character file.

749 galech the Chopper (level 7, 0/61 HPs)
             Began as a Minotaur Fighter on Mar 22, 2017.
             Was a Follower of Okawaru.
             Slain by Duvessa
             ... wielding a cursed -1 short sword
              (12 damage)
             ... on level 5 of the Dungeon.
             The game lasted 00:08:59 (4297 turns).

galech the Chopper (Minotaur Fighter)               Turns: 4297, Time: 00:08:59

Health: 0/61       AC: 10    Str: 22    XL:     7   Next: 48%
Magic:  4/6        EV: 12    Int:  5    God:    Okawaru [*.....]
Gold:   288        SH: 12    Dex: 10    Spells: 0 memorised, 6 levels left

rFire  . . .     SeeInvis +     a - +0 war axe
rCold  . . .     Gourm    .     b - +0 scale mail
rNeg   . . .     Faith    .     c - +0 shield
rPois  .         Spirit   .     (helmet restricted)
rElec  .         Reflect  .     r - +0 cloak
rCorr  .         Harm     .     (no gloves)
MR     .....                    (no boots)
Stlth  +.........               (no amulet)
                                A - ring of see invisible
                                h - ring of wizardry

@: heroism, glowing
A: retaliatory headbutt, horns 2
a: Heroism, Renounce Religion


You were on level 5 of the Dungeon.
You worshipped Okawaru.
Okawaru was aware of your devotion.
You were hungry.

You visited 1 branch of the dungeon, and saw 5 of its levels.

You collected 288 gold pieces.

Inventory:

Hand Weapons
 a - a +0 war axe (weapon)
Missiles
 t - 5 tomahawks (quivered)
Armour
 b - a +0 scale mail (worn)
 c - a +0 shield (worn)
 r - a +0 cloak (worn)
Jewellery
 h - a ring of wizardry (left hand)
 A - a ring of see invisible (right hand)
Scrolls
 e - a scroll of magic mapping
 j - 3 scrolls of blinking
 o - a scroll of recharging
 u - 2 scrolls of teleportation
 x - 2 scrolls of identify
 z - a scroll of random uselessness
Potions
 d - a potion of might
 g - a potion of degeneration {unknown}
 i - 3 potions of brilliance {unknown}
 k - 2 potions of cure mutation {unknown}
 l - 2 potions of ambrosia {unknown}
 m - 4 potions of curing {unknown}
Comestibles
 f - 6 bread rations
 n - 3 meat rations
 s - 4 fruits
 w - a beef jerky


   Skills:
 + Level 5.0(10.0) Fighting
 + Level 6.2(11.2) Axes
 + Level 1.2(6.2) Throwing
 + Level 5.7(10.7) Armour
 + Level 2.3(7.3) Dodging
 + Level 1.0(6.0) Stealth
 + Level 5.5(10.5) Shields


You had 6 spell levels left.
You didn't know any spells.

Dungeon Overview and Level Annotations

Branches:
Dungeon (5/15)
 Temple: D:4-7

Altars:
Hepliaklqana
Kikubaaqudgha
Makhleb
Okawaru
Sif Muna
Zin

Annotations:
D:5 Duvessa


Innate Abilities, Weirdness & Mutations

You reflexively headbutt those who attack you in melee.
You have a pair of horns on your head.


Message History

Duvessa hits you with a short sword.
* * * LOW HITPOINT WARNING * * *
You are too injured to fight recklessly!
You are too injured to fight recklessly!
You are too injured to fight recklessly!
You are too injured to fight recklessly!
You are too injured to fight recklessly!
You are too injured to fight recklessly!
You are too injured to fight recklessly!
You are too injured to fight recklessly!
You are too injured to fight recklessly!
You are too injured to fight recklessly!
You are too injured to fight recklessly!
You are too injured to fight recklessly!
You are too injured to fight recklessly!
You gain the combat prowess of a mighty hero.
Duvessa hits you with a short sword.
* * * LOW HITPOINT WARNING * * *
Duvessa hits you with a short sword!
You die...

***,******,,,,* #...#
*,,,,,,,,,,,,,* #...#
***,******,,,,* #...#####
*,* *,**** #...#...# *,*
*,*### #...#...# *,*
*,##.###...#...##### *,*
*,#..[.'...'...'.... *,*
*,#..###...#...#.##.
*,******,#@.#*#...#...#.##.
*,,......)e..######...#.#..
***#####.#...# #...#....
****#.#...# #...#.#..
*,,,.,#...# #####.#..
*,*##*#...# #.#..
****,****#...# #.#..
*,,,,,,,,....# #.#..
*,,,,******,,* #....


You could see Duvessa (berserk).

Vanquished Creatures
  The ghost of sveltemanboy the Stinger, an amateur DsVM of Ru (D:5)
  An ice beast (D:5)
  Dowan (D:5)
  A scorpion (D:5)
  A crimson imp (D:5)
  A hound (D:5)
  A bullfrog skeleton (D:5)
  An iguana (D:4)
  Ijyb (D:4)
  Natasha (D:2)
  2 worker ants
  A worker ant zombie (D:5)
  3 gnolls (D:4)
  9 adders
  A shadow imp (D:3)
  An adder skeleton (D:4)
  A worm (D:2)
  2 dart slugs (D:2)
  3 leopard geckos
  3 ball pythons
  7 bats
  6 giant cockroaches
  12 goblins
  3 hobgoblins
  2 jackals (D:5)
  2 quokkas
  5 frilled lizards
  18 kobolds
  5 rats
96 creatures vanquished.

Notes
Turn   | Place    | Note
-------+----------+-------------------------------------------
     0 | D:1      | galech the Minotaur Fighter began the quest for the Orb.
     0 | D:1      | Reached XP level 1. HP: 19/19 MP: 0/0
   250 | D:1      | Reached XP level 2. HP: 27/27 MP: 1/1
   763 | D:1      | Found an ancient bone altar of Kikubaaqudgha.
   902 | D:2      | Reached XP level 3. HP: 31/33 MP: 2/2
   961 | D:2      | Reached skill level 3 in Axes
  1299 | D:2      | Noticed Natasha
  1308 | D:2      | Killed Natasha
  1308 | D:2      | Reached XP level 4. HP: 27/40 MP: 3/3
  2227 | D:3      | Reached skill level 4 in Axes
  2227 | D:3      | Reached XP level 5. HP: 31/46 MP: 4/4
  2781 | D:4      | Found a hazy altar of Hepliaklqana.
  2784 | D:4      | Found a burning altar of Makhleb.
  2784 | D:4      | Found an iron altar of Okawaru.
  2788 | D:4      | Found a deep blue altar of Sif Muna.
  2789 | D:4      | Found a glowing silver altar of Zin.
  2794 | D:4      | Reached skill level 1 in Dodging
  2805 | D:4      | Became a worshipper of Warmaster Okawaru
  2856 | D:4      | Noticed Ijyb
  2869 | D:4      | Killed Ijyb
  2869 | D:4      | Reached skill level 5 in Armour
  2956 | D:4      | Reached skill level 5 in Shields
  2956 | D:4      | Reached XP level 6. HP: 34/53 MP: 5/5
  3519 | D:5      | Entered Level 5 of the Dungeon
  3522 | D:5      | Noticed sveltemanboy's ghost (amateur DsVM)
  3537 | D:5      | Reached skill level 5 in Axes
  3553 | D:5      | Killed sveltemanboy's ghost
  3553 | D:5      | Reached * piety under Okawaru
  3553 | D:5      | Reached XP level 7. HP: 25/60 MP: 6/6
  3567 | D:5      | Reached skill level 1 in Throwing
  3841 | D:5      | Reached skill level 5 in Fighting
  3864 | D:5      | Reached skill level 6 in Axes
  3864 | D:5      | Reached skill level 1 in Stealth
  4275 | D:5      | Noticed Duvessa
  4275 | D:5      | Noticed Dowan
  4292 | D:5      | Killed Dowan
  4297 | D:5      | Slain by Duvessa

Skill      XL: |  1  2  3  4  5  6  7 |
---------------+----------------------+-----
Armour         | 4 5 |  5.7
Fighting       | 4 5 |  5.0
Axes           | 3 4 5 6 |  6.2
Shields        | 4 5 |  5.5
Dodging        | 1 2 |  2.3
Throwing       | 1 |  1.2
Stealth        | 1 |  1.0

Action                   |  1- 3 |  4- 6 |  7- 9 || total
-------------------------+-------+-------+-------++-------
Melee: War axe           |   129 |   146 |    46 ||   321
       Headbutt          |    22 |    20 |     9 ||    51
Throw: Tomahawk          |       |    18 |     6 ||    24
Invok: Heroism           |       |       |     1 ||     1
  Use: Potion            |       |     1 |       ||     1
       Scroll            |       |       |     9 ||     9
  Eat: Chunk             |     1 |     8 |       ||     9
       Beef jerky        |       |       |     1 ||     1
Armor: Scale mail        |    61 |    81 |    14 ||   156
Dodge: Dodged            |    37 |    50 |    12 ||    99
Block: Shield            |    74 |    89 |    26 ||   189
